Cogmind - Beta 15 @@@ ROGUE MODE // 2025.06.16 @ 14:27:42 Player: Fleshy Vegetable Bird Result: Destroyed by S-27 Virus with Autogun Performance ------------- Evolutions (5) 2500 Regions Visited (6) 1200 Robots Destroyed (81) 405 Value Destroyed (1805) 1805 Prototype IDs (18) 360 Alien Tech Used (0) 0 Bonus (724) 724 TOTAL SCORE: 6994 Bonus ------- High Alert Combat Kills 76 Registered with UFD 300 Met Optimus in HQ 500 Friendly Fire -152 Cogmind --------- Core Integrity 0/1000 Matter 300/300 Energy 98/100 System Corruption 4% Temperature Cool (0) Movement Core (50) Location -5/Upper Caves Parts ------- > --- POWER (1) -------- (None) > --- PROPULSION (5) --- (None) > --- UTILITY (7) ------ Machine Analyzer Advanced Terrain Scan Processor Advanced Targeting Computer > --- WEAPON (4) ------- (None) > --- INVENTORY (5) ---- Enhanced Scrap Shield Improved Focal Shield A0-MCA's Component Scanner Variable Charge Gun Peak State ------------ > --- POWER ------------ Light Angular Momentum Engine > --- PROPULSION ------- Armored Medium Treads Armored Huge Wheel Armored Huge Wheel > --- UTILITY ---------- High-capacity Storage Unit Machine Analyzer Advanced Targeting Computer Improved Medium Armor Plating Improved Focal Shield Hacking Suite System Restoration Module > --- WEAPON ----------- Advanced Plasma Cannon Coil Gun Magnetic Acceleration Cannon Katana > --- INVENTORY -------- Medium Treads Wheel Field Propulsion Drive High-capacity Matter Pod Advanced Sensor Array Improved Terrain Scanner Advanced Terrain Scan Processor Seismic Detector Armor Integrity Analyzer Improved Kinecellerator Cloaking Device Thermal Shield EM Shield Advanced Shield Generator A0-MCA's Component Scanner Long-range Missile Launcher CPS Tube Shrapnel Trap Vortex Trap DRS Beacon [Rating: 78] Favorites ----------- Power Ion Engine Engine Ion Engine Power Core Neutrino Core Propulsion Wheel Treads Medium Treads Wheel Wheel Hover Unit Antigrav System Flight Unit Field Propulsion Drive Utility Humpback Device Seismic Detector Storage Humpback Processor Improved Targeting Computer Hackware Hacking Suite Protection Hardened Light Armor Plating Weapon Barrage Gun Energy Gun Medium Laser Energy Cannon Advanced Plasma Cannon Ballistic Gun Barrage Gun Ballistic Cannon Magnetic Acceleration Cannon Launcher Subdweller Shrapnel Launcher Impact Weapon Powered Hammer Slashing Weapon Makeshift Axe Build | -11 -10 -10 -7 -7 -5 -5 ------- Run | Yrd Mat Sub Rec Scr Fac Upp Slots Evolved 10 | . . . . . 10 . Power . | . . . . . . . Propulsion 3 | . . . . . 3 . Utility 5 | . . . . . 5 . Weapon 2 | . . . . . 2 . Parts Attached 83 | 8 11 17 . 8 39 . Power 7 | 1 1 1 . 1 3 . Engine 5 | 1 1 1 . 1 1 . Core 2 | . . . . . 2 . Reactor . | . . . . . . . Propulsion 30 | 2 3 8 . 5 12 . Treads 3 | . . . . . 3 . Leg . | . . . . . . . Wheel 23 | 2 3 8 . 5 5 . Hover 1 | . . . . . 1 . Flight 3 | . . . . . 3 . Utility 23 | 3 3 1 . 1 15 . Device 11 | 2 . . . . 9 . Storage 5 | 1 2 1 . . 1 . Processor 4 | . 1 . . . 3 . Hackware 1 | . . . . . 1 . Protection 2 | . . . . 1 1 . Artifact . | . . . . . . . Weapon 23 | 2 4 7 . 1 9 . Energy Gun 4 | 2 . . . . 2 . Energy Cannon 2 | . . . . . 2 . Ballistic Gun 10 | . 3 5 . 1 1 . Ballistic Cannon 2 | . 1 . . . 1 . Launcher 2 | . . 1 . . 1 . Special Weapon . | . . . . . . . Impact Weapon 1 | . . . . . 1 . Slashing Weapon 2 | . . 1 . . 1 . Piercing Weapon . | . . . . . . . Special Melee Weapon . | . . . . . . . Unidentified Prototypes 1 | . . . . . 1 . Parts Lost 26 | . 2 2 . . 18 4 Power 3 | . 1 . . . 2 . Propulsion 10 | . . 2 . . 6 2 Utility 9 | . 1 . . . 6 2 Weapon 4 | . . . . . 4 . Highest Loss Streak 17 | . 1 1 . . 17 4 To Critical Strikes . | . . . . . . . Average Backups 21 | 3 11 24 32 27 15 5 Power 1 | . . 1 3 . . . Propulsion 4 | 2 5 5 6 2 2 . Utility 9 | . 2 9 15 14 9 4 Weapon 5 | . 2 7 8 8 1 1 Tool/Special . | . . . . . . . Unused Backups 57 | 2 3 9 . 28 11 4 Power 3 | . . . . 3 . . Propulsion 13 | . 3 4 . 4 2 . Utility 27 | . . 1 . 15 8 3 Weapon 13 | 2 . 4 . 6 1 . Tool/Special 1 | . . . . . . 1 Average Slot Usage (%) 86 | . 97 92 85 75 84 37 Engine 10 | . 12 14 14 6 3 . Wheel 24 | . 28 27 28 24 15 . Device 2 | . 5 . . . 11 3 Storage 12 | . 14 13 14 14 4 3 Processor 5 | . 7 6 . . 11 17 Ballistic Gun 20 | . 20 20 28 28 4 . Ballistic Cannon 1 | . 5 . . . 3 . Launcher 2 | . . 4 . . 1 . Slashing Weapon 1 | . . 3 . . 2 . Peak Build Rating 78 | 7 10 21 19 32 78 31 Average Rating 22 | 6 8 15 19 19 62 23 On Entrance 16 | . 7 10 19 19 30 30 Naked Turns . | . . . . . . . Heaviest Build 217 | 15 50 217 210 216 87 11 Greatest Support 66 | 20 20 20 20 40 66 11 Greatest Overweight (x) 12 | 4 2 10 10 12 5 3 Average Overweight (x) 4 | . . 5 10 6 . . Largest Inventory Capacity 35 | 8 20 35 35 35 20 10 Average Capacity 25 | 7 13 27 35 33 19 8 Most Carried 35 | 7 20 35 34 35 20 8 Average Carried 23 | 3 11 25 34 29 18 6 Final Capacity 35 | 8 20 35 35 20 10 5 Final Carried 34 | 7 20 34 34 20 6 5 Class Distribution -------------------- 46% | Hauler-Mutant 40% | Mutant 8% | Scavenger-Gunner Dominant Class ---------------- Mutant | -10/Materials Hauler-Mutant | -10/Subcaves Hauler-Mutant | -7/Recycling Hauler-Mutant | -7/Scraptown Scavenger-Gunner | -5/Factory Mutant | -5/Upper Caves Resources | -11 -10 -10 -7 -7 -5 -5 ----------- Run | Yrd Mat Sub Rec Scr Fac Upp Matter Collected 2628 | 280 632 791 63 97 700 65 Remotely . | . . . . . . . Salvage Created 2865 | 342 748 558 63 . 1154 . Parts 165 | 27 56 33 1 . 48 . Haulers Intercepted 3 | . 2 . . . 1 . Recyclers Shooed 3 | . . . . . 3 . Parts Field Recycled . | . . . . . . . Retrieved Matter . | . . . . . . . Parts Self-Destructed 10 | . . 10 . . . . Prevented . | . . . . . . . Kills | -11 -10 -10 -7 -7 -5 -5 ------- Run | Yrd Mat Sub Rec Scr Fac Upp Combat Hostiles Destroyed 37 | . 10 10 1 . 16 . Melee 1 | . . . . . 1 . Guns 18 | . 10 6 1 . 1 . Cannons 4 | . . . . . 4 . AOE 14 | . . 4 . . 10 . Classes Destroyed 14 | 3 4 5 1 . 1 . Worker 12 | 2 5 . . . 5 . Tunneler 15 | 9 3 . . . 3 . Hauler 3 | . 2 . . . 1 . Recycler 5 | 1 . . . . 4 . Operator 1 | . 1 . . . . . Turret 2 | . . 2 . . . . Watcher 6 | . 3 . . . 3 . Swarmer 14 | . . 3 . . 11 . Grunt 10 | . 10 . . . . . Sentry 2 | . . . 1 . 1 . Programmer 4 | . . . . . 4 . Artisan 2 | . . 2 . . . . Cobbler 1 | . . 1 . . . . Subdweller 7 | . . 7 . . . . Best Kill Streak 8 | 3 5 4 1 . 8 . Combat Bots Only 6 | . 2 2 1 . 6 . Max Kills in Single Turn 3 | 1 2 1 1 . 3 . Gunslinging . | . . . . . . . Exploded 3 | . . 1 . . 3 . Melee 1 | . . . . . 1 . Uniques/NPCs Destroyed . | . . . . . . . Combat | -11 -10 -10 -7 -7 -5 -5 -------- Run | Yrd Mat Sub Rec Scr Fac Upp Hostile Shots Fired 354 | . 24 71 27 . 170 62 Missed 117 | . 6 25 11 . 49 26 Hits 237 | . 18 46 16 . 121 36 Projectile 237 | . 18 46 16 . 121 36 Critical Strikes 2 | . . 1 . . 1 . Damage Taken 4200 | . 261 620 129 . 2658 532 Core 1174 | . 29 115 29 . 658 343 Absorbed by Shields . | . . . . . . . Ignored by Resistances 199 | . . . . . 199 . Regen/Repaired (Parts) 59 | . . . . . 59 . Core Remaining (%) 65 | 100 . . . 30 . . Volleys Fired 186 | 37 53 55 4 . 37 . Largest 3 | 2 2 2 2 . 3 . Hottest 174 | 100 100 68 53 . 174 . Shots Fired 359 | 74 106 106 8 . 65 . Gun 294 | 74 96 99 8 . 17 . Cannon 54 | . 10 . . . 44 . Launcher 11 | . . 7 . . 4 . Special . | . . . . . . . Kinetic 248 | . 104 106 8 . 30 . Thermal 107 | 74 2 . . . 31 . Explosive 4 | . . . . . 4 . Electromagnetic . | . . . . . . . Robot Hit Streak 18 | 8 18 12 8 . 9 . Robot Miss Streak 4 | 3 4 3 . . 3 . Penetration Max 1 | . . . . . 1 . Secondary Targets . | . . . . . . . Shots Hit Robots 242 | 45 66 74 7 . 50 . Core Hits 118 | 13 38 32 3 . 32 . Critical Kills 3 | . . . . . 3 . Critical Parts Destroyed 3 | . 1 . . . 2 . Critical Strikes 11 | 2 1 . . . 8 . Burn 2 | 2 . . . . . . Destroy 1 | . 1 . . . . . Smash 5 | . . . . . 5 . Sever 3 | . . . . . 3 . Melee Attacks 83 | . . 20 . . 63 . Impact 30 | . . . . . 30 . Slashing 53 | . . 20 . . 33 . Piercing . | . . . . . . . Sneak Attacks 17 | . . 5 . . 12 . Combat Hostiles . | . . . . . . . Follow-up Attacks . | . . . . . . . Damage Inflicted 6682 | 549 893 1752 111 . 3377 . Guns 2816 | 549 792 1093 111 . 271 . Cannons 753 | . 101 . . . 652 . Explosions 1543 | . . 290 . . 1253 . Melee 1570 | . . 369 . . 1201 . Ramming . | . . . . . . . Kinetic 2871 | . 881 1383 111 . 496 . Thermal 1231 | 549 12 . . . 670 . Explosive 1010 | . . . . . 1010 . Electromagnetic . | . . . . . . . Impact 854 | . . . . . 854 . Slashing 716 | . . 369 . . 347 . Piercing . | . . . . . . . Highest Corruption 4 | . . . . . 4 4 Average Corruption 2 | . . . . . 2 4 Corruption Purged 3 | . . . . . 3 . Corruption Blocked . | . . . . . . . Effects 17 | . . . . . 16 1 Message Errors 5 | . . . . . 5 . Matter Fused 5 | . . . . . 5 . Heat Flow Errors 2 | . . . . . 1 1 Energy Discharges 1 | . . . . . 1 . Data Loss (minor) 2 | . . . . . 2 . Data Loss (major) 1 | . . . . . 1 . Alerts 1 | . . . . . 1 . Overload Shots . | . . . . . . . Overflow Damage 610 | . . 95 . . 515 . Projectiles 37 | . . . . . 37 . Explosions 70 | . . 4 . . 66 . Melee 503 | . . 91 . . 412 . Knockbacks 7 | . 1 . . . 6 . Impact 3 | . . . . . 3 . Kinetic 4 | . 1 . . . 3 . Secondary . | . . . . . . . Self-Inflicted Damage 104 | . . 47 . . 57 . Shots 2 | . . 1 . . 1 . Rammed . | . . . . . . . Targets Rammed . | . . . . . . . Kicked . | . . . . . . . Crushed . | . . . . . . . Highest Temperature 330 | 239 39 4 22 . 330 240 Average Temperature 94 | 84 7 4 12 . 121 130 Received Heat Transfer 669 | . 141 144 42 . 342 . Effects 1 | . . . . . 1 . Energy Bleed 1 | . . . . . 1 . Siege Activations . | . . . . . . . Martial Activations . | . . . . . . . Shielding Activations . | . . . . . . . Robots Disrupted . | . . . . . . . Combat Hostiles . | . . . . . . . Robots Corrupted 6 | . . . . . 6 . Combat Hostiles . | . . . . . . . Parts Fried 16 | . . . . . 16 . Impact Corruptions 9 | . . . . . 9 . Robots Melted . | . . . . . . . Combat Hostiles . | . . . . . . . Parts Melted 9 | 6 . . . . 3 . Heat Transferred 2563 | 1776 37 . . . 750 . Parts Sabotaged . | . . . . . . . Parts Stolen . | . . . . . . . Parts Stripped . | . . . . . . . Power Chain Reactions . | . . . . . . . Alert | -11 -10 -10 -7 -7 -5 -5 ------- Run | Yrd Mat Sub Rec Scr Fac Upp Maximum Alert Level 3 | . . . . . 3 . Low Security (%) 73 | 100 100 . 100 . 43 . Level 1 8 | . . . . . 18 . Level 2 17 | . . . . . 37 . Level 3 . | . . . . . . . Level 4 . | . . . . . . . Level 5 . | . . . . . . . High Security . | . . . . . . . Max Security . | . . . . . . . Peak Influence 714 | 10 138 . 33 . 714 . Initial 13 | . . . 13 . . . Average 136 | 2 35 . 7 . 262 . Influence Increases 1889 | 60 377 160 32 . 1200 60 Destroy 0b10 Robot/C 640 | . 200 100 20 . 320 . Destroy 0b10 Robot/NC 210 | 60 70 . . . 80 . Destroy Leader 128 | . 60 . . . 68 . Trap Triggered on 0b10 20 | . . . . . 20 . Successful Hack 58 | . . . 12 . 46 . Disable Machine 60 | . . . . . 60 . Destroy Structure 278 | . 2 . . . 276 . Lose Combat Pursuer 495 | . 45 60 . . 330 60 Influence Decreases 1487 | 60 377 132 60 . 545 313 Entered New Map 258 | . . . 15 . . 243 Time Decay 874 | 60 267 132 20 . 365 30 Lost Part 240 | . 20 . . . 180 40 Purge Threat 115 | . 90 . 25 . . . Squads Dispatched 10 | . 2 . . . 8 . Investigation 5 | . 1 . . . 4 . Extermination 2 | . . . . . 2 . Reinforcement 2 | . 1 . . . 1 . Assault 1 | . . . . . 1 . Garrison . | . . . . . . . Intercept . | . . . . . . . Searches Triggered . | . . . . . . . Construction Impeded 1 | . . . . . 1 . Haulers Reinforced . | . . . . . . . Active Scanning Responses . | . . . . . . . Cargo Convoy Interrupts 1 | . . . . . 1 . Stealth | -11 -10 -10 -7 -7 -5 -5 --------- Run | Yrd Mat Sub Rec Scr Fac Upp Distress Signals 2 | . 2 . . . . . Communications Jammed . | . . . . . . . Distress Signals . | . . . . . . . Times Spotted 89 | . 16 13 1 . 47 12 Peak Tracking Total 11 | . 3 3 1 . 6 11 Tactical Retreats 14 | . 2 2 . . 8 2 Traps | -11 -10 -10 -7 -7 -5 -5 ------- Run | Yrd Mat Sub Rec Scr Fac Upp Traps Triggered 5 | . 2 1 . . 2 . Indirectly . | . . . . . . . Trap Hack Attempts . | . . . . . . . Triggered . | . . . . . . . Disarmed 6 | . 6 . . . . . Reprogrammed . | . . . . . . . Reused 2 | . . . . . 2 . Traps Extracted . | . . . . . . . Installed 2 | . . . . . 2 . Triggered 2 | . . . . . 2 . Most Traps Carried 2 | . . 1 1 2 2 . Machines | -11 -10 -10 -7 -7 -5 -5 ---------- Run | Yrd Mat Sub Rec Scr Fac Upp Machines Disabled 6 | . . 2 . . 4 . Max in Single Turn 4 | . . 1 . . 4 . Garrison Access 2 | . . . . . 2 . Machines Repaired . | . . . . . . . Machines Dismantled . | . . . . . . . Machines Sabotaged . | . . . . . . . Overloaded Fab Kills . | . . . . . . . Hacking | -11 -10 -10 -7 -7 -5 -5 --------- Run | Yrd Mat Sub Rec Scr Fac Upp Machines Accessed 30 | . 6 3 1 3 17 . Terminals 11 | . 6 . 1 . 4 . Fabricators 5 | . . . . . 5 . Repair Stations 2 | . . . . . 2 . Recycling Units 4 | . . . . . 4 . Scanalyzers . | . . . . . . . Garrison Access 2 | . . . . . 2 . Total Hacks 66 | . 14 5 4 11 32 . Successful 43 | . 7 5 3 11 17 . Failed 23 | . 7 . 1 . 15 . Catastrophic 3 | . 2 . . . 1 . Database Lockouts . | . . . . . . . Manual 37 | . 12 . 3 . 22 . Terminals 30 | . 14 . 4 . 12 . Fabricators 9 | . . . . . 9 . Repair Stations 4 | . . . . . 4 . Recycling Units 4 | . . . . . 4 . Scanalyzers . | . . . . . . . Garrison Access 3 | . . . . . 3 . Terminal Hacks 23 | . 4 5 2 11 1 . Record 8 | . . 3 . 4 1 . Part Schematic 1 | . . . 1 . . . Robot Analysis 8 | . 2 . . 6 . . Open Door 1 | . . 1 . . . . Unreport Threat 2 | . 1 . 1 . . . Disarm Traps 1 | . 1 . . . . . Proto ID Catalog 2 | . . 1 . 1 . . Fabricator Hacks 1 | . . . . . 1 . Build 1 | . . . . . 1 . Repair Station Hacks 4 | . . . . . 4 . Scan Component 2 | . . . . . 2 . Repair 2 | . . . . . 2 . Recycling Unit Hacks . | . . . . . . . Scanalyzer . | . . . . . . . Garrison Access Hacks 2 | . . . . . 2 . Seal Access 2 | . . . . . 2 . Unauthorized Hacks 13 | . 3 . 1 . 9 . Terminals 8 | . 3 . 1 . 4 . Track 2 | . 1 . . . 1 . Botnet 6 | . 2 . 1 . 3 . Fabricators 1 | . . . . . 1 . Fabnet 1 | . . . . . 1 . Repair Stations . | . . . . . . . Recycling Units 4 | . . . . . 4 . Fedlink 4 | . . . . . 4 . Scanalyzers . | . . . . . . . Garrison Access . | . . . . . . . Data Cores Recovered . | . . . . . . . Used . | . . . . . . . Hacking Detections 15 | . 3 . 1 . 11 . Full Trace Events . | . . . . . . . Feedback Events . | . . . . . . . Feedback Blocked . | . . . . . . . Robot Schematics Acquired . | . . . . . . . Robots Built . | . . . . . . . Authchips . | . . . . . . . Time . | . . . . . . . Total Robot Build Rating . | . . . . . . . Part Schematics Acquired 1 | . . . 1 . . . Parts Built 2 | . . . . . 2 . Authchips . | . . . . . . . Time 106 | . . . . . 106 . Total Part Build Rating 12 | . . . . . 12 . Parts Repaired 2 | . . . . . 2 . Time 75 | . . . . . 75 . Parts Recycled . | . . . . . . . Recycled Matter . | . . . . . . . Retrieved Matter . | . . . . . . . Retrieved Components . | . . . . . . . Parts Scanalyzed . | . . . . . . . Part Schematics Acquired . | . . . . . . . Parts Damaged . | . . . . . . . Bothacking | -11 -10 -10 -7 -7 -5 -5 ------------ Run | Yrd Mat Sub Rec Scr Fac Upp Used RIF Installer . | . . . . . . . Robots Hacked . | . . . . . . . Non-combat . | . . . . . . . Combat . | . . . . . . . Robot Hacks Applied . | . . . . . . . Relay Couplers Released . | . . . . . . . Fabnet Peak Effective % . | . . . . . . . Robots Rewired . | . . . . . . . Allies Hacked . | . . . . . . . Hacks Repelled . | . . . . . . . Allies | -11 -10 -10 -7 -7 -5 -5 -------- Run | Yrd Mat Sub Rec Scr Fac Upp Total Allies . | . . . . . . . Largest Group . | . . . . . . . Highest-Rated Group . | . . . . . . . Highest-Rated Ally . | . . . . . . . Total Orders . | . . . . . . . Ally Attacks . | . . . . . . . Total Damage . | . . . . . . . Kills . | . . . . . . . Allies Corrupted . | . . . . . . . Allies Melted . | . . . . . . . Intel | -11 -10 -10 -7 -7 -5 -5 ------- Run | Yrd Mat Sub Rec Scr Fac Upp Active Infowar (turns) 2377 | 228 484 . . . 1591 74 Terrain 276 | . . . . . 276 . Seismic 2172 | 228 484 . . . 1415 45 Machine Analysis 1665 | . . . . . 1591 74 Cloaking 1093 | . . . . . 1093 . Robot Analysis Total 8 | . 2 . . 6 . . Derelict Logs Recovered 7 | . . 2 . 5 . . Drone Launches . | . . . . . . . Drone Recoveries . | . . . . . . . Exploration | -11 -10 -10 -7 -7 -5 -5 ------------- Run | Yrd Mat Sub Rec Scr Fac Upp Turns Passed 11321 | 335 1382 4909 134 2890 1597 74 Spaces Moved 6893 | 236 1088 2706 58 1532 1149 124 Core 208 | 27 . . . . 122 59 Treads . | . . . . . . . Legs . | . . . . . . . Wheels 6591 | 209 1088 2706 58 1532 998 . Hover 89 | . . . . . 24 65 Flight 5 | . . . . . 5 . Fastest Speed 50 | 50 80 80 210 100 50 50 Average Speed 140 | 83 93 159 210 184 100 56 Slowest Speed 280 | 250 110 230 210 280 155 200 Overloaded Moves . | . . . . . . . Propulsion Burnouts . | . . . . . . . Robots Hopped . | . . . . . . . Potential Cave-ins 4 | . . 4 . . . . Cave-ins Triggered . | . . . . . . . Exploration Rate (%) 54 | 8 97 91 18 92 41 33 Regions Visited 6 Branch Regions 4 Pre-discovered Areas 4 | . . 1 . 2 1 . Known Exits Taken 1 | . . 1 . . . . Unknown Exits Taken 5 | 1 1 . 1 1 1 . Scrap Searched 16 | . . 10 . 6 . . Spaces Dug 78 | . . 33 . . 45 . Terrain Destroyed 269 | . . 120 . . 149 . Melee 34 | . . 1 . . 33 . Projectile 25 | . . . . . 25 . AOE 210 | . . 119 . . 91 . Terrain Rammed . | . . . . . . . Walls Destroyed . | . . . . . . . Machines Disabled . | . . . . . . . Actions | -11 -10 -10 -7 -7 -5 -5 --------- Run | Yrd Mat Sub Rec Scr Fac Upp Total 8067 | 300 1347 3179 63 1615 1433 130 Wait 533 | . 163 297 . . 72 1 Move 6887 | 235 1087 2705 57 1531 1148 124 Hop . | . . . . . . . Pick Up 154 | 13 19 51 . 42 28 1 Fast Attach 31 | 7 5 2 . 2 15 . Attach 30 | . 1 3 . 6 20 . Detach 1 | . . . . . 1 . Swap 49 | 1 6 21 2 1 18 . Drop 111 | 7 13 25 . 33 29 4 Fire 186 | 37 53 55 4 . 37 . Melee 83 | . . 20 . . 63 . Ram . | . . . . . . . Kick . | . . . . . . . Crush . | . . . . . . . Escape Stasis . | . . . . . . . Rewire . | . . . . . . . Trap 2 | . . . . . 2 . Miscellaneous . | . . . . . . . Route ------- -11/Scrapyard -10/Materials (discovered 5 exits: [*Mat x2] / [*Min x2] / *Sub) -10/Subcaves (discovered 3 exits: *Mat x2 / *Rec) -7/Recycling -7/Scraptown (discovered 2 exits: *Fac x2) -5/Factory -5/Upper Caves (discovered 1 exit: Upp) History --------- Turn | Location | Event 44 | -11/Scrapyard | Discovered new exit (range 15) 336 | -11/Scrapyard | Entered Materials 337 | -10/Materials | Build established: Mutant 658 | -10/Materials | Discovered new exit (range 16) 892 | -10/Materials | Discovered new exit (range 9) 961 | -10/Materials | Discovered new exit (range 16) 1204 | -10/Materials | Discovered new exit (range 16) 1205 | -10/Materials | Discovered new exit (range 4) 1718 | -10/Materials | Entered Subcaves 1719 | -10/Subcaves | Approached by a straggling Scientist 1756 | -10/Subcaves | Identified exit to Materials 1969 | -10/Subcaves | Discovered exit to Materials (range 6) 2150 | -10/Subcaves | Visited Clippyterm 2154 | -10/Subcaves | Learned location of Section 7 (-2) 2572 | -10/Subcaves | Visited 4L-MR0's lab 2642 | -10/Subcaves | Shifting Twisted Machinery released Mak. Leg 2694 | -10/Subcaves | Shifting Twisted Machinery released Barrage Gun 3293 | -10/Subcaves | Identified exit to Recycling 4028 | -10/Subcaves | Core integrity fell below 50% 4345 | -10/Subcaves | Build established: Hauler-Mutant 4715 | -10/Subcaves | A swath of the cavern ceiling suddenly collapsed 5075 | -10/Subcaves | Shifting Twisted Machinery released Sub. Laser 5081 | -10/Subcaves | Shifting Twisted Machinery released Sub. Laser 6627 | -10/Subcaves | Entered Recycling 6709 | -7/Recycling | Scanned before Scraplab entrance 6738 | -7/Recycling | Entered Scraplab 6755 | -7/Recycling | Discovered new exit (range 3) 6761 | -7/Recycling | Entered Scraptown 7007 | -7/Scraptown | Visited Symbiants 7186 | -7/Scraptown | Heard Great Nut preacher, LISTEN AND RECITE! 7263 | -7/Scraptown | Scanned Subdweller tech in exchange for log data 7271 | -7/Scraptown | Learned location of 1 exit from Upper Caves 7273 | -7/Scraptown | Learned location of Extension (-5) 7275 | -7/Scraptown | Learned Research stockpile data 7277 | -7/Scraptown | Learned location of Warlord (-4) 7306 | -7/Scraptown | Discovered new exit (range 7) 7771 | -7/Scraptown | Visited Awakened 7819 | -7/Scraptown | Received an X-ray algorithm 7832 | -7/Scraptown | Visited Red Mages 7995 | -7/Scraptown | Visited The Evicted 8023 | -7/Scraptown | Visited SPCMW 8073 | -7/Scraptown | Visited Fellowship of the Rings 8364 | -7/Scraptown | Visited IN-MT5's Study 8408 | -7/Scraptown | Visited UFD Registry 8408 | -7/Scraptown | Registered with UFD as "Gammadrive" 8554 | -7/Scraptown | Visited A0-MCA Data Center 8566 | -7/Scraptown | Given a B- rating by A0-MCA 8578 | -7/Scraptown | Found A0-MCA's Component Scanner 8619 | -7/Scraptown | Visited Chapter 10 8655 | -7/Scraptown | Visited Derelict Rescue Squad 8667 | -7/Scraptown | Found DRS Beacon 8721 | -7/Scraptown | Visited Junk Repository 8801 | -7/Scraptown | Visited Supply Room 8860 | -7/Scraptown | Visited Analyses Database 8898 | -7/Scraptown | Visited DA-N13 Charitable Foundation 8917 | -7/Scraptown | Found DCF Scrap (28 items) 8983 | -7/Scraptown | Visited Junk Repository 9056 | -7/Scraptown | Visited Supply Room 9174 | -7/Scraptown | Delivered Scrap Shield to a Scientist 9435 | -7/Scraptown | Visited Science Guys 9565 | -7/Scraptown | Met Optimus 9565 | -7/Scraptown | Accepted into 0bPrime 9639 | -7/Scraptown | Build established: Mutant 9649 | -7/Scraptown | Discovered new exit (range 3) 9651 | -7/Scraptown | Entered Factory 9651 | -5/Factory | Evolved 10 slots: Propulsion x3, Utility x5, Weapon x2 9812 | -5/Factory | Fabricated Gyrokinetic Inverter? 10075 | -5/Factory | Repaired Cloaking Device 10128 | -5/Factory | Loaded intel: 8 recycling unit locations 10194 | -5/Factory | Build established: Scavenger-Gunner 10208 | -5/Factory | Repaired Lrn. Missile Launcher 10419 | -5/Factory | Learned location of Protoforge (-2) 11099 | -5/Factory | Cargo convoy interrupted 11151 | -5/Factory | First assault squad dispatched 11163 | -5/Factory | Core integrity fell below 50% 11189 | -5/Factory | Lost 17 parts (2p6n5u4w) 11229 | -5/Factory | Discovered new exit (range 4) 11248 | -5/Factory | Entered Upper Caves 11249 | -5/Upper Caves | Identified exit to Upper Caves 11250 | -5/Upper Caves | UFD Scientist delivered a prototype 11250 | -5/Upper Caves | Found Prototype Protection 11297 | -5/Upper Caves | Core integrity fell below 20% 11322 | -5/Upper Caves | Destroyed by S-27 Virus with Autogun Last Messages --------------- GOAL=ESCAPE Loading 1 Upper Caves exit... 11250_ A prototype is lying exposed on the ground here. There's a note attached: "Hey Gammadrive, I saw you headed this way but had to run. Thanks again and remember to keep it repaired!" 11250_ Acquired Prototype Protection. 11282_ Field Propulsion Drive destroyed. 11284_ Acquired 65 matter. 11286_ System corrupted: Heat flow error (+276). 11289_ Antigrav System destroyed. 11291_ Dropped Hcp. Matter Pod. 11292_ Dropped CPS Tube. 11293_ Dropped Imp. Thermal Shield. 11293_ Seismic Detector destroyed. 11293_ Dropped Med. Storage Unit. 11294_ Z5-FSS(k) breaks down the debris. 11295_ 7I-HWS(k) breaks down the debris. 11310_ Hacking Suite destroyed. Map ----- +----------------------------------------------------+ | ?????????????????????????? ????# ????## | | ?????????????????????????? ### #??#### | | ????????????????????????? #?## | | ????????????????????????? ### | | ?????????????????????????? | | ?????????????????????????????????## ### | | ??????????????????????????????????#### # #?? | | ???????????????????????????????????### #### #? | | ???????????????????????????????????# #??######? | | ???????????????????????????????????# ####????????? | | ????????????????????????????????? ?# #?########### | | ????????????????????????????????? ?# ### | | ????????????????????????????????? ?# ## | | ????????????????????????????????# ## ## | | ???????????????????????????????## ## ### # | | ?????????????????????????####### ########## # | | ???????????????????? ?? #?????## # | | ???????????????????# #?????# ## | | ???????????????????# #?????# ###? | | ???????????????????# """ """ ##????# ##??? | | ???????????????##### " """" #????# ##???? | | ??????????????## " " "" #????## ##????? | | ??????????????# """ "" #??### #####?? | | ??????????????# """" """ #?## #?? | | ???????????????# """" """ ### #?? | | ?????????????????# @ s s## ### #?? | | ?????????>???????## """" ""s" s s #???#?? | | ??????????????????# "" "" s ##?????? | | ?????????????????# """" " s #??????? | | ???????????????# " " "" ### #??????? | | ???????????????### "" " """ #?## #??????? | | ?????????????????### "" " """" #??# #??????? | | ???????????????????# ? #?## #??????? | | ???????????????????# ? #?###??????? | | ??????????????????????? #??????????? | | ??????????????????????### ??????????? | | ????????????????????????# ## #?????????? | | ????????????????????????#? ?? ##?????????? | | ?????????????????????????? ?? #??????????? | | ?????????????????????????? ?? ???????????? | | ?????????????????????????? ?? ?? ????????????? | | ?????????????????????????????????????????????????? | | ?????????????????????????????????????????????????? | | ?????????????????????????????????????????????????? | | ?????????????????????????????????????????????????? | | ?????????????????????????????????????????????????? | | ?????????????????????????????????????????????????? | | ?????????????????????????????????????????????????? | | ?????????????????????????????????????????????????? | | ?????????????????????????????????????????????????? | +----------------------------------------------------+ Best States ------------- Heat Dissipation 40 Energy Generation 19 Energy Capacity 315 Matter Stores 300 Matter Capacity 300 Sight Range 16 Terrain Scan Range 16 Terrain Scan Density 210 Cloak Strength 2 Armor Coverage 225 Resistance: KI 25 Resistance: EM 25 Evasion (%) 53 Targeting Accuracy 8 Recoil Reduction 1 Offensive Hacking 10 Item Schematics ----------------- Adv. Terrain Scan Processor | -7/Recycling | Hacked Robot Schematics ------------------ None Fabricated ------------ Gyrokinetic Inverter | x2 | -5/Factory | Preloaded Repaired ---------- Cloaking Device | 51% | -5/Factory Lrn. Missile Launcher | 53% | -5/Factory Alien Tech Used ----------------- None Achievements -------------- None Challenges ------------ None Game ------ Seed ThermalCloakSpear Manual? 0 Play Time 01:15:21 Cumulative 379.3 hours Start 2025.06.16 @ 10:46:58 End 2025.06.16 @ 14:27:42 Sessions 3 Manual Loads 0 Difficulty Rogue Special Mode None Game No. 424 Rogue 424 Adventurer 0 Explorer 0 Win Type - Total 6 Types 3/1/1/1/0/0/0/0/0/0 Lore% 71 Gallery% 71 Achievement% 68 Wizard Run 0 Options --------- Layout 1 ASCII 0 Keyboard 0 Movement Numpad Keybinds 0 Fullscreen 1 Font 32/SmallcapsGlow Map View 50x35 Zoom Use 0% Tactical HUD 1 Map Filters NONE Filters NONE Steam 1 RUN: 21d8ff71-efc4-4ced-9525-79600762cdf1